[Event "Team 45 45 League T75"]
[Site "Internet Chess Club"]
[Date "2017.12.26"]
[Round "2"]
[White "UrsaMajor"]
[Black "Chess0985"]
[Result "1-0"]
[WhiteElo "1505"]
[BlackElo "1609"]
[Opening "Giuoco Piano"]
[ECO "C50"]
[Time "16:01:11"]
[TimeControl "2700+45"]

1. e4 e5 2. Nf3 Nc6 3. Bc4 Bc5 4. O-O Nf6 5. d3 h6 6. a3 a6 7. b4 Bb6 8. Bb2 d6
9. Nbd2 Bg4 10. Ba2 O-O 11. c3 Qe7 12. Qc2 Rfe8 13. Rfe1 Bd7 14. d4 exd4 15.
cxd4 Rad8 16. h3 a5 17. b5 Na7 18. a4 c6 19. e5 Nh7 20. Nc4 Nc8 21. exd6 Qf8 22.
Nfe5 Be6 23. d7 Bxd7 24. Nxb6 Nxb6 25. Bxf7+ Qxf7 26. Nxf7 Kxf7 27. bxc6 Bxc6
28. Rxe8 Rxe8 29. Qc3 Nd5 30. Qxa5 Nhf6 31. Re1 Rc8 32. Qd2 Bxa4 33. Qe2 Re8 34.
Qd2 Rc8 35. Qa5 Bc6 36. g4 g5 37. Ba3 Nd7 38. Bd6 N7b6 39. Be5 Nd7 40. f3 N7b6
41. Qa2 Kg6 42. Qc2+ Kf7 43. Qh7+ Ke6 44. Qg7 Nb4 45. Bc7+ Kd5 46. Bxb6 Kc4 47.
Qxh6 Kb5 48. Qxg5+ Kxb6 49. Qc5+ Kc7 50. Qxb4 Kb8 51. Kf2 Kc7 52. Rc1 Kd8 53. d5
Bxd5 54. Qd6+ Ke8 55. Rxc8+ Kf7 56. Rc7+ Ke8 57. Qe7# {Black checkmated} 1-0

[Event "Team 45 45 League T75"]
[Site "Internet Chess Club"]
[Date "2017.12.22"]
[Round "2"]
[White "Newbao"]
[Black "mongmong"]
[Result "1-0"]
[WhiteElo "1415"]
[BlackElo "1452"]
[Opening "French: Tarrasch"]
[ECO "C03"]
[Time "22:13:16"]
[TimeControl "2700+45"]

1. e4 e6 2. d4 d5 3. Nd2 h6 4. Bd3 c5 5. exd5 Qxd5 6. Ngf3 cxd4 7. Bc4 Qd7 8.
O-O Nc6 9. Nb3 a6 10. Nbxd4 Nxd4 11. Nxd4 b5 12. Bb3 Nf6 13. c4 bxc4 14. Ba4
{Black resigns} 1-0

[Event "Team 45 45 League T75"]
[Site "Internet Chess Club"]
[Date "2017.12.22"]
[Round "2"]
[White "Kingofknights"]
[Black "creativechesski"]
[Result "1-0"]
[WhiteElo "1469"]
[BlackElo "1373"]
[Opening "Grünfeld: modern exchange variation"]
[ECO "D85"]
[Time "18:00:22"]
[TimeControl "2700+45"]

1. d4 Nf6 2. c4 g6 3. Nc3 d5 4. cxd5 Nxd5 5. e4 Nxc3 6. bxc3 Bg7 7. Nf3 O-O 8.
Be2 c5 9. O-O Nc6 10. Be3 Qc7 11. Rc1 Rd8 12. d5 Ne5 13. c4 Nxf3+ 14. Bxf3 b6
15. Qe2 Bd7 16. Qc2 Rac8 17. Be2 Be5 18. f4 Bd4 19. Qd3 e5 20. f5 b5 21. Bxd4
bxc4 22. Qd2 cxd4 23. f6 Kh8 24. Qh6 Rg8 25. Bxc4 Qd8 26. Qg5 Qe8 27. d6 Rxc4
28. Rxc4 Bb5 29. Rc7 Bxf1 30. Kxf1 Qb5+ 31. Kg1 Qb1+ 32. Qc1 Qxc1+ 33. Rxc1 Rd8
34. Rc6 Kg8 35. Kf2 Kf8 36. g4 g5 37. Rc5 h6 38. Rxe5 Rxd6 39. Ke2 Re6 40. Rxe6
fxe6 41. e5 Ke8 42. Kd3 Kf7 43. Kxd4 a5 44. a4 Ke8 45. Kc5 Kf7 46. Kd6 Kf8 47.
Kxe6 Ke8 48. Kd6 Kf7 49. Kd7 Kf8 50. e6 Kg8 51. e7 Kh7 52. e8=Q h5 53. Qe7+ Kg6
54. Qg7# {Black checkmated} 1-0

[Event "Team 45 45 League T75"]
[Site "Internet Chess Club"]
[Date "2017.12.21"]
[Round "2"]
[White "leoshi"]
[Black "smsxman"]
[Result "1/2-1/2"]
[WhiteElo "1403"]
[BlackElo "1284"]
[Opening "Scandinavian (center counter) defense"]
[ECO "B01"]
[Time "20:01:09"]
[TimeControl "2700+45"]

1. e4 d5 2. exd5 Qxd5 3. Nc3 Qe6+ 4. Be2 Nf6 5. Nf3 g6 6. O-O Bg7 7. Re1 Qb6 8.
d4 O-O 9. b3 Nc6 10. Be3 Ng4 11. Na4 Qa5 12. h3 Nxe3 13. fxe3 Bf5 14. Bd3 Bxd3
15. Qxd3 Nb4 16. Qd2 Nc6 17. Qxa5 Nxa5 18. Rad1 a6 19. Rd3 b6 20. b4 Nc6 21. Rc3
Nxb4 22. Rxc7 b5 23. Nb2 e6 24. a3 Nd5 25. Rc5 Rfc8 26. Nd3 Rxc5 27. Nxc5 Bh6
28. Kf2 Nxe3 29. Rxe3 Bxe3+ 30. Kxe3 a5 31. c3 Rb8 32. Nd3 Rc8 33. Nc5 Rb8 34.
Na6 Rb6 35. Nc5 b4 36. cxb4 axb4 37. axb4 Rxb4 38. Kf2 Rb2+ 39. Kg3 h5 40. Nd3
Rb3 41. Nde5 f6 42. Nxg6 Kg7 43. Nf4 e5 44. dxe5 fxe5 45. Nxh5+ Kg6 46. Nf4+
exf4+ 47. Kxf4 Kf6 48. g4 Rb4+ 49. Kg3 Rb3 50. h4 Kg6 51. g5 Kh5 52. Kg2 Kg4 53.
Ne5+ Kxh4 54. g6 Rb7 55. Nf7 Rb4 56. Kf3 Rb3+ 57. Kf4 Rb4+ 58. Kf5 Rb5+ 59. Kf6
Rb6+ 60. Kg7 Kh5 61. Ne5 Re6 62. Kh7 Rxe5 63. g7 Re7 64. Kh8 Re8+ 65. g8=Q Rxg8+
66. Kxg8 {Game drawn because neither player has mating material} 1/2-1/2

[Event "Team 45 45 League T75"]
[Site "Internet Chess Club"]
[Date "2017.12.23"]
[Round "2"]
[White "kabindra"]
[Black "RonaldoR"]
[Result "0-1"]
[WhiteElo "1672"]
[BlackElo "1635"]
[Opening "French: Rubinstein variation"]
[ECO "C03"]
[Time "16:02:28"]
[TimeControl "2700+45"]

1. e4 e6 2. d4 d5 3. Nd2 dxe4 4. Nxe4 Nd7 5. Bd3 Ngf6 6. Nxf6+ Nxf6 7. Bg5 c5 8.
dxc5 Bxc5 9. Bb5+ Bd7 10. Bxf6 gxf6 11. Bxd7+ Qxd7 12. Qxd7+ Kxd7 13. O-O-O+ Kc6
14. f3 Rad8 15. Ne2 Rxd1+ 16. Rxd1 Rg8 17. g3 Rg5 18. c3 Rd5 19. Rxd5 Kxd5 20.
Kd2 f5 21. Kd3 e5 22. c4+ Ke6 23. a3 a5 24. Nc3 h5 25. Nd5 Bg1 26. h3 Bf2 27. g4
hxg4 28. hxg4 e4+ 29. fxe4 fxe4+ 30. Kxe4 Bc5 31. b4 axb4 32. axb4 Bf8 33. c5
Kd7 34. Kd4 Bg7+ 35. Kc4 Be5 36. b5 Ke6 37. Ne3 Bg7 38. Nf5 Bb2 39. c6 bxc6 40.
bxc6 Be5 41. Kc5 Bc7 42. Ng7+ Ke5 43. Ne8 Bd8 44. Nd6 Be7 45. c7 Bxd6+ 46. Kc6
Bxc7 47. Kxc7 Kf4 48. Kd7 Kxg4 {White resigns} 0-1

[Event "Team 45 45 League T75"]
[Site "Internet Chess Club"]
[Date "2017.12.25"]
[Round "2"]
[White "liujf"]
[Black "drsigmund1"]
[Result "0-1"]
[WhiteElo "1579"]
[BlackElo "1449"]
[Opening "French: Tarrasch, closed variation"]
[ECO "C05"]
[Time "18:31:41"]
[TimeControl "2700+45"]

1. e4 e6 2. d4 d5 3. Nd2 Nf6 4. e5 Nfd7 5. Bd3 c5 6. c3 Nc6 7. Ngf3 Qb6 8. Qa4
Qa5 9. Qxa5 Nxa5 10. O-O b6 11. Re1 Be7 12. Bc2 Ba6 13. Nb3 Nc4 14. Bd3 b5 15.
Nbd2 Ndb6 16. Nxc4 bxc4 17. Bc2 Bb5 18. a4 Bc6 19. Be3 Nd7 20. b3 cxb3 21. Bxb3
c4 22. a5 cxb3 {White resigns} 0-1

[Event "Team 45 45 League T75"]
[Site "Internet Chess Club"]
[Date "2017.12.23"]
[Round "2"]
[White "Brazuka"]
[Black "Pawnchain"]
[Result "0-1"]
[WhiteElo "1082"]
[BlackElo "1441"]
[Opening "French defense"]
[ECO "C00"]
[Time "04:54:59"]
[TimeControl "2700+45"]

1. e4 e6 2. Nf3 d5 3. exd5 exd5 4. Be2 Nf6 5. O-O Nc6 6. Bb5 Be7 7. Re1 O-O 8.
Bxc6 bxc6 9. h3 Bd6 10. c3 Bb7 11. d4 Ne4 12. g3 c5 13. Nbd2 cxd4 14. cxd4 f5
15. Nxe4 dxe4 16. Ng5 Bd5 17. Nxh7 Kxh7 18. Qh5+ Kg8 19. Bg5 Qd7 20. g4 fxg4 21.
hxg4 Bf7 22. Qh3 Rae8 23. Re3 Qb5 24. Qh4 Qxb2 25. Rh3 Qxa1+ 26. Kg2 Bg6 27. Bf6
Rxf6 28. Qh8+ Kf7 29. Qh4 Qxd4 {White resigns} 0-1

[Event "Team 45 45 League T75"]
[Site "Internet Chess Club"]
[Date "2017.12.23"]
[Round "2"]
[White "QuimCatala"]
[Black "oldbookseller"]
[Result "1-0"]
[WhiteElo "1201"]
[BlackElo "989"]
[Opening "Scotch opening"]
[ECO "C44"]
[Time "15:00:31"]
[TimeControl "2700+45"]

1. e4 e5 2. Nf3 Nc6 3. d4 f6 4. d5 Nd4 5. Nxd4 exd4 6. Qxd4 Bd6 7. c4 c6 8. Be2
Ne7 9. Bh5+ Ng6 10. dxc6 O-O 11. Bxg6 Bb4+ 12. Bd2 Qa5 13. Bxb4 Qxb4+ 14. Nd2
hxg6 15. cxd7 Rd8 16. Qd5+ Kf8 17. Qb5 Qxd2+ 18. Kxd2 Rxd7+ 19. Ke2 f5 20. Rad1
a6 21. Qc5+ Ke8 22. Rhe1 f4 23. Qe5+ Kf7 24. Qxf4+ Ke6 25. Qg4+ Ke5 26. Rxd7
Bxd7 27. Qxd7 Kxe4 28. Kf1+ Kf4 29. g3+ {Black resigns} 1-0

[Event "Team 45 45 League T75"]
[Site "Internet Chess Club"]
[Date "2017.12.22"]
[Round "2"]
[White "az2112"]
[Black "Constrictor"]
[Result "1/2-1/2"]
[WhiteElo "1601"]
[BlackElo "1559"]
[Opening "Caro-Kann: exchange, Rubinstein variation"]
[ECO "B13"]
[Time "21:00:42"]
[TimeControl "2700+45"]

1. e4 c6 2. d4 d5 3. exd5 cxd5 4. Bd3 Nc6 5. c3 Nf6 6. Bf4 g6 7. Nd2 Bg7 8. Ngf3
O-O 9. O-O Nh5 10. Bg5 h6 11. Be3 Qd6 12. Re1 f5 13. Nb3 Nf6 14. Ne5 g5 {Game
drawn by mutual agreement} 1/2-1/2

[Event "Team 45 45 League T75"]
[Site "Internet Chess Club"]
[Date "2017.12.21"]
[Round "2"]
[White "crazyhorses"]
[Black "joaoazm"]
[Result "0-1"]
[WhiteElo "1369"]
[BlackElo "1410"]
[Opening "Petrov: classical attack"]
[ECO "C42"]
[Time "10:31:34"]
[TimeControl "2700+45"]

1. e4 e5 2. Nf3 Nf6 3. Nxe5 d6 4. Nf3 Nxe4 5. d4 d5 6. Be2 Bd6 7. O-O O-O 8. Nc3
Nxc3 9. bxc3 Be6 10. Rb1 Qc8 11. h3 Re8 12. Re1 Nd7 13. Bd3 h6 14. Be3 c6 15.
Qd2 Qc7 16. Bxh6 gxh6 17. Qxh6 Bf4 18. Ng5 Bxg5 19. Qxg5+ Kf8 20. f4 f5 21. Bxf5
Bxf5 22. Qxf5+ Kg7 23. Qg5+ Kf8 24. Qh6+ Kg8 25. Qg6+ Kf8 26. f5 Nb6 27. h4 Qg7
28. Qd6+ Kg8 29. Re5 Nc4 30. Rxe8+ Rxe8 31. Qf4 b6 32. f6 Qg6 33. Rf1 Qf7 34.
Qg5+ Kh7 35. h5 Nd6 36. g4 Rg8 37. Qf4 Qxh5 {White resigns} 0-1

[Event "Team 45 45 League T75"]
[Site "Internet Chess Club"]
[Date "2017.12.24"]
[Round "2"]
[White "PsyMar"]
[Black "jmd1490"]
[Result "0-1"]
[WhiteElo "1267"]
[BlackElo "1276"]
[Opening "Scotch gambit"]
[ECO "C44"]
[Time "12:00:27"]
[TimeControl "2700+45"]

1. e4 e5 2. Nf3 Nc6 3. d4 exd4 4. Bc4 h6 5. Nxd4 Nf6 6. O-O Bc5 7. Nb3 Bb6 8.
Kh1 O-O 9. f3 Ne5 10. Be2 d6 11. Nc3 a6 12. Bf4 Qe7 13. Qd2 g5 14. Bxg5 hxg5 15.
Qxg5+ Ng6 16. Bd3 Qe5 17. h4 Qxg5 18. hxg5 Nh5 19. Ne2 Nhf4 20. Rae1 Be6 21.
Nbd4 Nxd3 22. cxd3 Bd7 23. Nf5 Bxf5 24. exf5 Ne7 25. g4 Nd5 26. d4 Rae8 27. Nc3
Ne3 28. Rf2 Bxd4 29. Ne4 Kg7 30. Rd2 Rh8+ 31. Rh2 Rxh2+ 32. Kxh2 Rh8+ 33. Kg3 d5
34. Nf6 c6 35. Re2 Nf1+ 36. Kf4 Bb6 37. Nh5+ Kf8 38. f6 Bc7+ 39. Kf5 Rxh5 40.
gxh5 Ng3+ {White resigns} 0-1

[Event "Team 45 45 League T75"]
[Site "Internet Chess Club"]
[Date "2017.12.31"]
[Round "2"]
[White "guyd52"]
[Black "g8wrb"]
[Result "1/2-1/2"]
[WhiteElo "1309"]
[BlackElo "1272"]
[Opening "Benko's opening"]
[ECO "A00"]
[Time "10:00:26"]
[TimeControl "2700+45"]

1. g3 d5 2. Bg2 e5 3. d3 Nf6 4. Nf3 Nc6 5. O-O Bd6 6. Nbd2 O-O 7. e4 Bg4 8. Qe1
Re8 9. a3 Qd7 10. exd5 Nxd5 11. Ne4 Bh3 12. b4 Bxg2 13. Kxg2 Qg4 14. h3 Qf5 15.
Qd2 h6 16. c4 Nf6 17. Re1 Rad8 18. Re3 Be7 19. Qe2 Nd4 20. Nxd4 exd4 21. Rf3 Qe5
22. Bf4 Qe6 23. Bxc7 Rd7 24. Nxf6+ Bxf6 25. Qxe6 Rxe6 26. Bb8 a6 27. Ba7 b6 28.
Bb8 Be5 29. Bxe5 Rxe5 30. Kf1 Rde7 31. Rf4 Rd7 32. Re1 {Game drawn by mutual
agreement} 1/2-1/2

[Event "Team 45 45 League T75"]
[Site "Internet Chess Club"]
[Date "2017.12.26"]
[Round "2"]
[White "PsyMar"]
[Black "Aquaman"]
[Result "1/2-1/2"]
[WhiteElo "1260"]
[BlackElo "1258"]
[Opening "Caro-Kann defense"]
[ECO "B12"]
[Time "15:30:45"]
[TimeControl "2700+45"]

1. e4 c6 2. d4 g6 3. c4 Bg7 4. Nc3 d6 5. Nf3 Nd7 6. Bg5 h6 7. Be3 Ngf6 8. Be2
O-O 9. Qd2 Ng4 10. Bf4 e5 11. h3 exf4 12. hxg4 g5 13. O-O-O a5 14. a3 Nf6 15.
Ne1 Bxg4 16. f3 Bd7 17. Kb1 Qb8 18. d5 c5 19. Nb5 Ne8 20. Nd3 Ra6 21. a4 {Game
drawn by mutual agreement} 1/2-1/2

[Event "Team 45 45 League T75"]
[Site "Internet Chess Club"]
[Date "2017.12.22"]
[Round "2"]
[White "GiantsFan"]
[Black "stantheman59"]
[Result "1-0"]
[WhiteElo "1136"]
[BlackElo "1219"]
[Opening "Alekhine's defense: Maróczy variation"]
[ECO "A00"]
[Time "20:07:51"]
[TimeControl "2700+45"]

1. d3 Nf6 2. e4 e5 3. Nf3 Nc6 4. Nc3 Bc5 5. Be3 Bb6 6. Bxb6 axb6 7. Be2 d6 8.
Qd2 h6 9. h3 Be6 10. a3 Qd7 11. O-O-O Ra5 12. g4 Nd4 13. Qe3 Nb5 14. Nxb5 Rxb5
15. Nd2 Ba2 16. b3 Qc6 17. c4 Bxb3 18. g5 Bxd1 19. gxf6 Bxe2 20. fxg7 Rg8 21.
Qxh6 Bxd3 22. Qh7 Rb1+ 23. Nxb1 Qxc4+ 24. Kb2 Qb5+ 25. Ka1 Rxg7 26. Qxg7 Bc4 27.
Qg5 Qb3 28. Qd2 Qf3 29. Qe3 Qf6 30. Nd2 Bb5 31. Qb3 Be2 32. Qe3 Bh5 33. Rc1 c5
34. Nc4 b5 35. Nd2 Kd7 36. Rb1 Kc6 37. Qb3 Be2 38. f3 d5 39. exd5+ Kc7 40. Re1
Bxf3 41. Qxf3 e4+ 42. Qxf6 {Black resigns} 1-0

[Event "Team 45 45 League T75"]
[Site "Internet Chess Club"]
[Date "2017.12.22"]
[Round "2"]
[White "rhayder"]
[Black "RobertBuice"]
[Result "1-0"]
[WhiteElo "1152"]
[BlackElo "1043"]
[Opening "Ruy Lopez: Berlin defense, open variation"]
[ECO "C67"]
[Time "18:16:55"]
[TimeControl "2700+45"]

1. e4 e5 2. Nf3 Nc6 3. Bb5 Nf6 4. O-O Nxe4 5. Bxc6 bxc6 6. Nxe5 Qe7 7. Nf3 d5 8.
d3 Nd6 9. Re1 Be6 10. Ng5 O-O-O 11. Nxe6 fxe6 12. Be3 a5 13. Nc3 Nf5 14. Qd2 d4
15. Bg5 dxc3 16. bxc3 Qd6 17. Bxd8 Kxd8 18. Rab1 Nh4 19. Rb8+ Kd7 20. Re4 g5 21.
Rd4 Rg8 22. Rxd6+ Kxd6 23. c4 g4 24. Qf4+ e5 25. Qf6+ Kc5 26. Rxf8 Rg6 27. Qxh4
Kd4 28. Rf6 Rg8 29. Rxc6 Rb8 30. Qxg4+ Kc3 31. Qd1 h5 32. Rxc7 h4 33. Rc5 Kb2
34. Rxa5 Kc3 35. Ra3+ Kb2 36. Rb3+ Rxb3 37. axb3 Kc3 38. c5 e4 39. dxe4 h3 40.
Qd3+ Kb2 41. gxh3 Kc1 42. c6 Kb1 43. c7 Kb2 44. c8=Q Kc1 45. c4 Kb2 46. Qh8+ Ka3
47. b4+ Ka4 48. b5 Kb4 49. Qf8+ Ka4 50. Qfa3# {Black checkmated} 1-0

[Event "Team 45 45 League T75"]
[Site "Internet Chess Club"]
[Date "2017.12.27"]
[Round "2"]
[White "dabodhi"]
[Black "mongmong"]
[Result "0-1"]
[WhiteElo "1297"]
[BlackElo "1449"]
[Opening "French: Winawer, advance, poisoned pawn variation"]
[ECO "C18"]
[Time "20:00:42"]
[TimeControl "2700+45"]

1. e4 e6 2. d4 d5 3. Nc3 Bb4 4. e5 Ne7 5. a3 Bxc3+ 6. bxc3 c5 7. Qg4 Nf5 8. Nf3
Nc6 9. Bd3 h5 10. Qg5 Qxg5 11. Bxg5 cxd4 12. cxd4 Nfxd4 13. Nxd4 Nxd4 14. Be3
Nc6 15. f4 Bd7 16. O-O b6 17. Bb5 Na5 18. Bd3 Rc8 19. Rfc1 O-O 20. Rab1 Rc3 21.
Bd2 Rxa3 22. Bb4 Ra4 23. Bxf8 Kxf8 24. Bb5 Bxb5 25. Rxb5 Rxf4 26. Rcb1 Re4 27.
Rxa5 bxa5 28. Rb8+ Ke7 29. Rb7+ Kd8 30. Rxa7 a4 31. Kf2 f6 32. exf6 gxf6 33. Ra6
Ke7 34. Ra7+ Kd6 35. Ra8 Kc5 36. Rb8 h4 37. h3 Kc4 38. Rc8+ Kb4 39. Rb8+ Ka3 40.
Rb6 f5 41. c3 e5 42. Rb5 d4 43. cxd4 exd4 44. Rxf5 d3 45. Rd5 Re2+ 46. Kf1 Rd2
47. Ke1 Rxg2 48. Rxd3+ Kb2 49. Rd4 a3 50. Rb4+ Ka1 51. Rxh4 a2 52. Rb4 Rb2 53.
Rd4 Kb1 54. Rd1+ Kc2 55. Rd2+ Kc3 56. Rd1 Rb1 {White resigns} 0-1

[Event "Team 45 45 League T75"]
[Site "Internet Chess Club"]
[Date "2017.12.20"]
[Round "2"]
[White "Toalla"]
[Black "Balderdash"]
[Result "1-0"]
[WhiteElo "1212"]
[BlackElo "1217"]
[Opening "QGD: Marshall defense"]
[ECO "D06"]
[Time "14:01:01"]
[TimeControl "2700+45"]

1. d4 d5 2. c4 Nf6 3. Nf3 Nc6 4. cxd5 Nxd5 5. e4 Ndb4 6. d5 Nb8 7. Qa4+ N4c6 8.
dxc6 Nxc6 9. Bb5 Bd7 10. Nc3 a6 11. Bxc6 Bxc6 12. Qc2 e6 13. O-O h6 14. Rd1 Qe7
15. Ne5 g5 16. Nxc6 bxc6 17. Be3 Bg7 18. Na4 O-O 19. Bc5 Qe8 20. Bxf8 Bxf8 21.
Nc5 Rd8 22. Nxa6 Rd7 23. Rxd7 Qxd7 24. Rd1 Qc8 25. Qxc6 e5 26. Qxc7 Qxa6 27. a3
Qe2 28. Rc1 Qxb2 29. Qc3 Bxa3 30. Qxb2 Bxb2 31. Rc5 Bd4 32. Rd5 Kg7 33. Kf1 f6
34. Ke2 Kg6 35. g4 Bb2 36. Rd8 Ba3 37. Rg8+ Kh7 38. Ra8 Bd6 39. Kd3 Kg7 40. Kc4
Be7 41. Kd5 Kf7 42. Ra7 Ke8 43. Ke6 Bd8 44. Ra8 Kf8 45. Rxd8+ Kg7 46. Kf5 h5 47.
h3 h4 48. Rd7+ Kh6 49. Rh7+ Kxh7 50. Kxf6 Kh6 51. Kxe5 Kg6 52. Ke6 Kg7 53. e5
Kg6 54. Kd6 Kf7 55. Kd7 Kf8 56. e6 Kg7 57. e7 Kf7 58. e8=Q+ Kg7 59. Ke7 Kh7 60.
Qf8 Kg6 61. Qf6+ Kh7 62. Qf5+ Kh6 63. Qe6+ Kg7 64. Qe5+ Kh6 65. Kf8 Kg6 66. Qf5+
Kh6 67. Qd7 Kg6 68. Qg7# {Black checkmated} 1-0

[Event "Team 45 45 League T75"]
[Site "Internet Chess Club"]
[Date "2017.12.28"]
[Round "2"]
[White "WzeroMN"]
[Black "Ticktockman"]
[Result "1/2-1/2"]
[WhiteElo "1153"]
[BlackElo "1135"]
[Opening "Scandinavian (center counter) defense"]
[ECO "B01"]
[Time "10:05:16"]
[TimeControl "2700+45"]

1. e4 d5 2. exd5 Qxd5 3. Nc3 Qe5+ 4. Qe2 Qxe2+ 5. Bxe2 Nf6 6. Nf3 b6 7. d4 Bb7
8. O-O g6 9. Bg5 b5 10. b4 a6 11. Rfe1 Bg7 12. Ne5 O-O 13. Bf3 Bxf3 14. Nxf3
Nbd7 15. Rxe7 c6 16. Bxf6 Nxf6 17. Rae1 Rae8 18. Rxe8 Rxe8 19. Rxe8+ Nxe8 20.
Ne4 Nc7 21. c3 Nd5 22. a3 Nf4 23. Kf1 Nd5 24. Ne5 Bxe5 25. dxe5 Kf8 26. h4 Ke7
27. g3 f5 28. Ng5 Nxc3 29. Nxh7 Nb1 30. Ng5 Nxa3 31. Nf3 Nc2 32. Ne1 Nxb4 33. f4
a5 34. Ke2 a4 35. Kd2 a3 36. Nc2 a2 37. Na1 c5 38. Kc3 Ke6 39. Nb3 c4 40. Na1
Nd5+ 41. Kb2 Ne3 42. Kxa2 Nf1 43. Nc2 Nxg3 44. Nd4+ Ke7 45. Nxb5 Ne2 46. Kb2
Nxf4 47. Kc3 Ng2 48. Kxc4 Nxh4 49. Nd4 g5 50. Kd3 Ng6 51. e6 Nf4+ 52. Ke3 Nxe6
53. Nxf5+ Kf6 54. Ng3 Nf4 55. Ne4+ Kf5 56. Ng3+ Kg4 57. Ne4 Kf5 58. Nxg5 {Game
drawn because neither player has mating material} 1/2-1/2

[Event "Team 45 45 League T75"]
[Site "Internet Chess Club"]
[Date "2017.12.24"]
[Round "2"]
[White "Brazuka"]
[Black "seattleblues"]
[Result "0-1"]
[WhiteElo "1077"]
[BlackElo "1391"]
[Opening "Caro-Kann defense"]
[ECO "B10"]
[Time "06:06:58"]
[TimeControl "2700+45"]

1. e4 c6 2. Nf3 d5 3. exd5 cxd5 4. d4 Bg4 5. c4 e6 6. Be2 Nf6 7. O-O Qc7 8. Nbd2
Bd6 9. cxd5 Nxd5 10. Ne5 Bxe2 11. Qxe2 O-O 12. f4 Nd7 13. Ne4 Nxe5 14. Nxd6 Qxd6
15. fxe5 Qb6 16. Qg4 Kh8 17. Rf3 Ne7 18. b3 Rad8 19. Bb2 Nf5 20. Rd1 Rd5 21. h4
Rxe5 22. Kh2 Re2 23. Bc3 Ne3 24. Rxe3 Rxe3 25. Ba1 Qd6+ 26. Kh1 Qd5 27. h5 Re4
28. Qh3 Qg5 29. Rg1 Rh4 {White resigns} 0-1

[Event "Team 45 45 League T75"]
[Site "Internet Chess Club"]
[Date "2017.12.27"]
[Round "2"]
[White "rkjulianjr"]
[Black "olivermx"]
[Result "1-0"]
[WhiteElo "1329"]
[BlackElo "1290"]
[Opening "QGD: Marshall defense"]
[ECO "D06"]
[Time "09:10:55"]
[TimeControl "2700+45"]

1. d4 d5 2. c4 Nf6 3. cxd5 Nxd5 4. e4 Nf6 5. Nc3 e6 6. Nf3 Bb4 7. Bd2 Bxc3 8.
Bxc3 Nxe4 9. Qc2 Nf6 10. Bd3 O-O 11. O-O-O h6 12. h3 Bd7 13. Ne5 Nc6 14. Rhe1
Nxe5 15. Rxe5 Bc6 16. g4 Nd5 17. Bd2 Qe7 18. g5 hxg5 19. Rxg5 Nb4 20. Rxg7+ Kxg7
21. Rg1+ Kh8 22. Bxb4 Qh4 23. Bc3 Bd5 24. Qe2 Rg8 25. Qe5+ f6 26. Rxg8+ Kxg8 27.
Qxc7 Qxf2 28. Qh7+ Kf8 29. Bb4+ {Black resigns} 1-0

[Event "Team 45 45 League T75"]
[Site "Internet Chess Club"]
[Date "2017.12.21"]
[Round "2"]
[White "SeniorCitizen"]
[Black "oldprez1"]
[Result "0-1"]
[WhiteElo "1299"]
[BlackElo "1226"]
[Opening "Pirc: classical system, 5.Be2"]
[ECO "B08"]
[Time "13:30:28"]
[TimeControl "2700+45"]

1. e4 d6 2. d4 Nf6 3. Nc3 g6 4. Nf3 Bg7 5. Be2 O-O 6. O-O Nc6 7. h3 e5 8. dxe5
dxe5 9. Qxd8 Rxd8 10. Rd1 b6 11. Rxd8+ Nxd8 12. Nxe5 Nxe4 13. Nxe4 Bxe5 14. c3
Bb7 15. Ng5 f6 16. Nf3 Bd6 17. Be3 Kg7 18. Rd1 Ne6 19. Nd4 Nxd4 20. Rxd4 Re8 21.
Kf1 a5 22. Bf4 Bxf4 23. Rxf4 Bxg2+ 24. Kxg2 Rxe2 25. b4 axb4 26. Rxb4 Rxa2 27.
Kg3 h5 28. h4 Ra5 29. f4 Rc5 30. c4 c6 31. Kf3 b5 32. cxb5 cxb5 33. Ke3 g5 34.
hxg5 fxg5 35. fxg5 Rxg5 36. Kf3 Kg6 37. Rf4 Rf5 {White resigns} 0-1

[Event "Team 45 45 League T75"]
[Site "Internet Chess Club"]
[Date "2017.12.28"]
[Round "2"]
[White "pita"]
[Black "oldbookseller"]
[Result "1-0"]
[WhiteElo "1089"]
[BlackElo "1015"]
[Opening "Ruy Lopez: classical defense, Benelux variation"]
[ECO "C65"]
[Time "09:30:40"]
[TimeControl "2700+45"]

1. e4 e5 2. Nf3 Nc6 3. Bb5 Nf6 4. O-O Bc5 5. c3 O-O 6. d4 Bb6 7. Re1 a6 8. Bxc6
dxc6 9. Nxe5 Qe8 10. Bg5 Qe6 11. Na3 c5 12. Nac4 cxd4 13. cxd4 c5 14. d5 Qe8 15.
Nxb6 Qxe5 16. Bxf6 Qxf6 17. Nxa8 Qg6 18. Qb3 Bg4 19. Nc7 Rd8 20. Rac1 Rd6 21.
Qxb7 Qg5 22. Nxa6 Bh3 23. g3 Qg4 24. Qb8+ Qc8 25. Qxd6 g6 26. Nxc5 Qg4 27. Ne6
Qf3 28. Qf8# {Black checkmated} 1-0